[Event "Live Chess"]
[Site "Chess.com"]
[Date "2018.01.18"]
[White "LLkhagvasuren"]
[Black "Arugamama"]
[Result "0-1"]
[ECO "D60"]
[WhiteElo "1635"]
[BlackElo "1828"]
[TimeControl "1800"]
[EndTime "22:57:14 PST"]
[Termination "Arugamama won by resignation"]
[CurrentPosition "2r3k1/p2nb1p1/1p2p2p/4B3/8/PP3R1P/q1r2PP1/4R1K1 w - - 0 30"]

1.d4 d5 2.c4 e6 3.Nc3 Nf6 4.Bg5 Be7 5.e3 O-O 6.Nf3 Nbd7 7.Bd3 c5 8.O-O cxd4 9.exd4 dxc4 10.Bxc4 b6 11.Qd3 Bb7 12.Rfe1 Rc8 13.a3 h6 14.Bh4 Re8 15.Rad1 Bxf3 16.Qxf3 Rxc4 17.Bg3 Qc8 18.h3 Qc6 19.Qd3 Nd5 20.Ne4 N7f6 21.b3 Rc2 22.Be5 Nxe4 23.Qxe4 Qc3 24.Rd3 Qb2 25.Rf3 Nf6 26.Qd3 Rec8 27.d5 Qa2 28.dxe6 fxe6 29.Qd7 Nxd7 0-1